groovejumper, neutral female human Wizard ---------------------------------------------.}}}}}}}....................... |...+..+..|..+..+...@@@.|.|.@@@...|.......#.-.}}}}}}........................ |.----#-#---#-#-|..@@@@.+.+.@@@@..|....|-----}}}}}}}}.............------.... |.+.|...........+..@@@@.|.|.@@@@..|....|...}}}}}}}..}}}}..}.......|....|.... |.|.#...........|--------+---------.----}}}}}}}.......}}}}..........|^.|.... |.|-|(\.........+...................|.}}}}}....}.....}}}}.........|....|.... |.|.#...........|--------.-----------}}}}}}.0........%.}}}}.......------.... |.+.|...........+.@.#}}}}@}}}}}}}}.}}}}}.}}}}...}.......}}}}}............... |.----#--.-.--.-|@@@#}}.....}}}}}}}}}}.....}}}}..}....}}}}}}}}}............. |...|..|..|..|..+@..#}.}...}...}}}}}}}........}}}}..}}}}}}.}}}}}}}......}}}} |.{.-+--+---+--+|@@@#}}......}}}}-------+-------}}}}}}}-------}}}.}}}}}}}}}} |...............|----}}}}...}}..}|.....|.....|.|...}}-.......|}}|}}}}}}}}}}} |.-+--+--+-------}}}}}}}}}}}.....|--.|.|.---.|.|.|.}}}.------}}---}}}}}}}}}} |.|..|..|..#...}}}..........}....|...|.|...|.|.|.|.|}|..%........|...}}}}}}} |+--#--#----}}}}...---------}---------.|.|.|.|.|.|.---.-----.---.|----}}.}}. |..#}....}}}}}}....|...|.......|.......|.|.|.|...|.........|.|.|.|...}}..... -----}}}}}}}...}}...|.--|.|.---.|.---------.|.|.-------------.|.|.|.|.|...... |}}}}}}}}}}}........+...|.|...|.|...|.......|.|.|.....|.......|.|.|.|.+...... |}}}}}}}}..}}.......|.|.|.---.-----.|.-------.---.---.|.-------.|.---.|...... |}}}}}}.............|.|.....|.........|...........|.....|.<...........|...... |}}}}...............---------------------------------------------------...... groovejumper the Enchantress Experience level: 14 Strength: 18/51 Dexterity: 21 Constitution: 18 Intelligence: 18 Wisdom: 16 Charisma: 12 Health: 106(106) Energy: 191(191) AC: 0 Gold: 0 Moves: 24419 Your Inventory: Amulets k - the blessed Eye of the Aethiopica (being worn) Weapons i - 9 uncursed +0 darts of fire t - the blessed rustproof +7 Magicbane (weapon in hand) Armor w - an uncursed +0 studded leather armor (being worn) x - a blessed +3 pair of gauntlets of dexterity (being worn) A - a blessed +0 pair of speed boots (being worn) D - a blessed +1 T-shirt (being worn) N - a blessed +0 cloak of magic resistance (being worn) Comestibles T - an uncursed lizard corpse Rings g - an uncursed ring of regeneration M - an uncursed ring of levitation (on right hand) Tools b - a blessed bag of holding o - an uncursed skeleton key u - an uncursed +0 unicorn horn B - an uncursed towel Gems R - a blessed luckstone named luck or flint Contents of the bag of holding: 13571 gold pieces an uncursed +1 quarterstaff of reflection a blessed +0 mummy wrapping an uncursed +0 pair of jumping boots an uncursed +1 pair of water walking boots an uncursed candy bar 2 uncursed carrots 2 [uncursed] cram rations an uncursed eucalyptus leaf 16 uncursed food rations 4 uncursed fortune cookies 2 uncursed lembas wafers 2 uncursed lizard corpses an [uncursed] melon an uncursed pancake an [uncursed] tin of quantum mechanic meat 2 uncursed tins of tengu meat 4 uncursed tripe rations a blessed scroll of blank paper 9 uncursed scrolls of blank paper an uncursed scroll of charging 2 uncursed scrolls of earth a blessed scroll of enchant weapon 2 uncursed scrolls of gold detection an [uncursed] scroll of light a blessed scroll of magic mapping 2 uncursed scrolls of magic mapping a cursed scroll of magic mapping 3 uncursed scrolls of remove curse an uncursed scroll of stinking cloud an uncursed scroll of taming 4 uncursed scrolls of teleportation an [uncursed] spellbook of dig an [uncursed] spellbook of identify 2 uncursed diluted potions of blindness an [uncursed] potion of booze 3 uncursed potions of extra healing a cursed potion of extra healing a blessed potion of fruit juice 2 uncursed potions of fruit juice a blessed potion of full healing a cursed potion of full healing an uncursed potion of gain ability 2 blessed potions of healing 6 potions of holy water an uncursed potion of invisibility 2 uncursed potions of levitation a cursed potion of levitation a blessed potion of monster detection a blessed potion of oil a [cursed] potion of paralysis 2 uncursed potions of polymorph a blessed potion of see invisible an uncursed potion of see invisible a cursed potion of see invisible a blessed potion of sickness 2 uncursed potions of sickness 3 uncursed potions of sleeping a cursed potion of sleeping a cursed potion of speed 2 [uncursed] potions of speed a potion of unholy water an uncursed ring of fire resistance an uncursed ring of polymorph control an [uncursed] ring of polymorph control an [uncursed] wand of cold [0:0] an uncursed wand of create monster (0:14) an uncursed wand of death (0:6) an uncursed wand of digging (0:7) an uncursed wand of digging (0:7) an uncursed wand of digging (0:7) an uncursed wand of digging (0:6) an uncursed wand of digging (0:5) an uncursed wand of digging (0:5) an uncursed wand of lightning (0:6) an uncursed wand of magic missile (0:6) an uncursed wand of magic missile (0:2) an uncursed wand of make invisible (0:4) an uncursed wand of polymorph (0:4) an uncursed wand of probing (0:5) an uncursed wand of speed monster (0:8) an uncursed wand of teleportation (0:3) an uncursed brass lantern (0:1202) an uncursed can of grease (0:14) an uncursed credit card an [uncursed] leash an uncursed lock pick an uncursed lock pick an uncursed lock pick an uncursed magic marker (0:37) a blessed magic marker (0:5) a blessed magic marker (0:0) an uncursed magic whistle an uncursed magic whistle an uncursed stethoscope an uncursed tinning kit (0:68) an uncursed +0 unicorn horn an uncursed +0 unicorn horn Spells known in the end: Name Level Category Fail Memory a - force bolt 1 attack 0% [|||||...] b - detect monsters 1* divination 0% [........] c - restore ability 4* healing 91% [........] d - invisibility 4 escape 91% [|.......] e - cure sickness 3 healing 62% [|.......] f - create monster 2 clerical 0% [||......] g - cause fear 3 enchantment 0% [|||.....] h - cone of cold 4 attack 0% [|||.....] i - clairvoyance 3 divination 62% [|||.....] j - healing 1 healing 0% [|||||...] k - light 1 divination 0% [||||||..] l - sleep 1 enchantment 0% [|||||||.] m - identify 3 divination 62% [|||||||.] n - dig 5 matter 100% [|||||||.] Your skills at the end: Fighting Skills Weapon Skills dagger [Skilled / Expert] quarterstaff [Expert / Expert] Spellcasting Skills attack spells [Expert / Expert] enchantment spells [Basic / Skilled] Final Attributes: You were piously aligned. Hunger level was 476. Your alignment was 131 / 132. Monster difficulty range was 4 - 19. Level difficulty was 25. You resisted cold. You resisted electricity. You resisted poison. You were magic-protected. You resisted spell damage. You saw invisible. You were telepathic. You were invisible to others. You could teleport. You had teleport control. You were levitating. You were very fast. You were lucky (4). You had extra luck. Good luck did not time out for you. You are dead. Vanquished creatures: Medusa a purple worm The Dark One a demilich 5 disenchanters Aphrodite a frost giant a golden naga 2 ghosts 2 queen bees a locust 5 giant mimics 6 ice trolls an umber hulk a doppelganger 6 large mimics a wumpus 2 long worms 3 couatls 2 stalkers an earth elemental 5 hill giants 2 black nagas 8 xorns 7 sergeants a water demon 8 wargs a winter wolf 10 small mimics a rodent of unusual size a warhorse 2 xans an ettin mummy 6 quantum mechanics 17 trolls a sasquatch 2 wood golems an electric eel 2 gelatinous cubes a pyrolisk 2 freezing spheres 6 shocking spheres 2 tigers a dwarf king 6 tengu 2 ochre jellies a leocrotta 4 mountain centaurs a stone giant a pit viper a python 2 cobras 2 wraiths 2 carnivorous apes an ettin zombie 6 soldiers 2 crocodiles 2 giant beetles 4 cockatrices 7 wolves 2 winter wolf cubs a panther a gremlin a spotted jelly 13 leprechauns 3 orc-captains 2 mumakil 7 giant spiders a scorpion a horse a black light 38 vampire bats 5 forest centaurs 4 gnome kings 3 orc mummies a dwarf mummy 15 brown puddings 9 rust monsters 4 owlbears a yeti a gold golem 3 Green-elves a giant eel 3 lizards a dog 3 housecats a jaguar 2 dwarf lords a blue jelly a white unicorn 3 black unicorns 4 dust vortices 38 ravens 3 plains centaurs a gnome mummy 3 snakes 11 water moccasins 5 human zombies 8 Woodland-elves a snow ant 27 bugbears an imp 5 lemures 4 quasits 5 wood nymphs 6 water nymphs 7 mountain nymphs 22 Mordor orcs 2 Uruk-hai 6 orc shamans 2 rock piercers 3 enormous rats 3 fog clouds 4 yellow lights a shrieker 2 violet fungi 17 gnome lords 18 gnomish wizards a red naga hatchling a black naga hatchling 3 gray oozes a barrow wight an elf zombie a straw golem 3 paper golems a wax golem a baby crocodile 9 giant ants a little dog 4 floating eyes 3 kittens 21 dwarves 10 homunculi 3 kobold lords a kobold shaman 35 hill orcs 18 rothes 2 rabid rats 3 centipedes 13 giant bats 2 monkeys 9 orc zombies 6 dwarf zombies a wererat 2 werejackals 4 muggers 2 iguanas 50 killer bees an acid blob a coyote 2 gas spores 9 hobbits 5 manes 2 large kobolds 35 hobgoblins 10 giant rats 5 cave spiders 4 brown molds 6 yellow molds 4 green molds 4 red molds 103 gnomes 20 Keystone Kops 6 garter snakes 3 gnome zombies 6 geckos 13 jackals 6 foxes 2 kobolds 11 goblins 7 sewer rats 18 grid bugs 4 bats 7 lichens 7 newts 1032 creatures vanquished. Genocided or extinct species: mind flayers liches arch-liches 3 species genocided. 3 species extinct. Voluntary challenges: You used a wielded weapon 1307 times. You read items or engraved 61 times. You put on armor 57 times. You genocided 3 types of monsters. You never polymorphed an object. You never changed form. You used no wishes. You wrote Elbereth's name 7 times. You encountered 1 bones level. You used 2 Sokoban shortcuts. Dungeon overview: The Dungeons of Doom: levels 1 to 25 Level 1 a long staircase Level 2 an armor shop, a fountain stairs to The Gnomish Mines Level 4 a fountain, a sink Level 5 many fountains Level 6 a scroll shop, an altar, some fountains stairs to Sokoban Level 8 some fountains stairs to Town Level 10 a fountain Level 11 an altar to Thoth Level 12 a temple portal to The Quest Level 13 a fountain Level 14 some fountains Level 15 a fountain Level 17 a potion shop Level 19 some altars, a throne Level 20 a fountain Level 23 a temple Level 24 a fountain, many trees portal to One-eyed Sam's Market Level 25 <- You were here a magic chest, a fountain, a throne The Gnomish Mines: levels 3 to 10 Level 3 stairs to The Dungeons of Doom Level 5 some shops, a temple, a magic chest, some fountains The Quest: levels 1 to 5 Level 1 a magic chest portal to The Dungeons of Doom Level 5 a temple Sokoban: levels 3 to 5 Level 5 a magic chest stairs to The Dungeons of Doom Town: levels 5 to 7 Level 5 many shops, some fountains, a sink Level 6 many fountains, many trees Level 7 stairs to The Dungeons of Doom One-eyed Sam's Market: Level 1 portal to The Dungeons of Doom History has recorded: On T:1 you entered the Dungeons of Doom to retrieve the Amulet of Yendor! On T:255 you reached level 2 of The Dungeons of Doom. On T:384 you advanced to experience level 2. On T:391 you reached level 1 of The Gnomish Mines. On T:400 you advanced to experience level 3. On T:473 you advanced to experience level 4. On T:638 you advanced to experience level 5. On T:753 you reached level 3 of The Dungeons of Doom. On T:1088 you reached level 4 of The Dungeons of Doom. On T:1404 you reached level 5 of The Dungeons of Doom. On T:1450 you advanced to experience level 6. On T:1815 you reached level 6 of The Dungeons of Doom. On T:1830 you reached level 3 of Sokoban. On T:2103 you reached level 2 of Sokoban. On T:2486 you advanced to experience level 7. On T:2709 you reached level 1 of Sokoban. On T:4285 you reached level 2 of The Gnomish Mines. On T:4289 you advanced to experience level 8. On T:4466 you reached level 3 of The Gnomish Mines. On T:5736 you reached level 4 of The Gnomish Mines. On T:5748 you advanced to experience level 9. On T:6135 you reached level 6 of The Gnomish Mines. On T:6182 you reached level 8 of The Gnomish Mines. On T:6204 you reached level 7 of The Gnomish Mines. On T:6970 you reached level 5 of The Gnomish Mines. On T:7374 you advanced to experience level 10. On T:9356 you received advice from The Oracle. On T:9743 you reached level 7 of The Dungeons of Doom. On T:9895 you reached level 8 of The Dungeons of Doom. On T:10239 you reached level 3 of Town. On T:10277 you reached level 9 of The Dungeons of Doom. On T:10489 you reached level 10 of The Dungeons of Doom. On T:10541 you advanced to experience level 11. On T:10871 you reached level 11 of The Dungeons of Doom. On T:13946 you reached level 12 of The Dungeons of Doom. On T:14237 you reached level 13 of The Dungeons of Doom. On T:14482 you reached level 2 of Town. On T:14756 you killed Aphrodite on level 2 of Town. On T:14896 you reached level 1 of Town. On T:15507 you reached level 1 of The Quest. On T:15747 you embarked upon an epic quest. On T:15803 you reached level 2 of The Quest. On T:15928 you advanced to experience level 12. On T:16096 you reached level 3 of The Quest. On T:16851 you reached level 4 of The Quest. On T:17095 you reached level 5 of The Quest. On T:17294 you killed Dark One on level 5 of The Quest. On T:17515 you completed the quest! On T:18671 you reached level 14 of The Dungeons of Doom. On T:18822 you genocided all liches On T:18824 you genocided all mind flayers On T:19052 you reached level 15 of The Dungeons of Doom. On T:19188 you genocided all arch-liches On T:19420 you reached level 16 of The Dungeons of Doom. On T:19687 you reached level 17 of The Dungeons of Doom. On T:20941 you reached level 18 of The Dungeons of Doom. On T:21187 you advanced to experience level 13. On T:21272 you reached level 19 of The Dungeons of Doom. On T:21603 you reached level 20 of The Dungeons of Doom. On T:22059 you reached level 21 of The Dungeons of Doom. On T:22311 you advanced to experience level 14. On T:22332 you reached level 22 of The Dungeons of Doom. On T:22590 you reached level 23 of The Dungeons of Doom. On T:22845 you reached level 24 of The Dungeons of Doom. On T:22956 you reached level 1 of One-eyed Sam's Market. On T:22975 you reached The Castle. On T:23034 you killed Medusa in The Castle. Latest messages: The soldier picks up a bow. [HP+1=106] The soldier throws a dagger! Clonk! The soldier picks up 8 arrows. (2x) The soldier picks up 11 arrows. The soldier zaps a wand of striking! Boing! The soldier throws a dagger! Clonk! The soldier wields a pronged polearm! The soldier picks up a dagger. The soldier zaps a wand of magic missile! The magic missile hits the soldier! (2x) The magic missile whizzes by you! The soldier wields a bow! The drawbridge is up! The portcullis of the drawbridge falls into the moat! You are hit by a huge chunk of metal! Final status: Goodbye groovejumper the Wizard... You were crushed in The Dungeons of Doom on dungeon level 25 with 28934 points, and 13571 pieces of gold, after 24419 moves. You were level 14 with a maximum of 106 hit points when you were crushed.